 Dungeon Crawl Stone Soup version 0.30-a0-422-g946f4849ff (webtiles) character file.

Game seed: 145677252995692195

29005 p00ps00p the Cleaver (level 13, -5/122 HPs)
             Began as a Hill Orc Fighter on Dec 8, 2022.
             Was an Initiate of Gozag.
             Slain by a red devil
             ... wielding a +0 demon trident
             ... summoned by an orc high priest
              (6 damage)
             ... on level 2 of the Orcish Mines.
             The game lasted 00:36:25 (19189 turns).

p00ps00p the Cleaver (Hill Orc Fighter)            Turns: 19189, Time: 00:36:26

Health: -5/122     AC: 28    Str: 24    XL:     13   Next: 42%
Magic:  13/13      EV:  8    Int: 15    God:    Gozag
Gold:   2341       SH:  7    Dex: 16    Spells: 12/12 levels left

rFire   . . .      SeeInvis +    w - +2 war axe of Doom {pain, rN+ rCorr Int-3 SInv}
rCold   + . .      Faith    .    c - +0 buckler
rNeg    + . .      Spirit   .    M - +6 chain mail of Words of Power {rC+}
rPois   .          Reflect  .    y - +2 helmet
rElec   +          Harm     .    d - +0 cloak
rCorr   +          Rampage  .    E - +0 pair of gloves
Will    .....                    j - +2 pair of boots of the Hippo {rElec Int+4}
Stlth   ..........               (no amulet)
HPRegen 0.40/turn                h - +6 ring of intelligence
MPRegen 0.13/turn                R - +6 ring of dexterity

@: about to teleport
A: no striking features
a: Renounce Religion, Convert to Beogh, Potion Petition, Call Merchant, Bribe
Branch


You were on level 2 of the Orcish Mines.
You worshipped Gozag.
Gozag was most pleased with you.
You visited 3 branches of the dungeon, and saw 15 of its levels.
You also visited: Sewer and Bailey.

You collected 3670 gold pieces.
You spent 481 gold pieces at shops.
You paid 848 gold pieces to Gozag.

Inventory:

Hand Weapons
 a - a +0 war axe of protection
 p - a +0 spectral war axe
 v - a +0 broad axe
 w - the +2 war axe of Doom (weapon) {pain, rN+ rCorr Int-3 SInv}
   (You bought it in a shop on level 5 of the Dungeon)

   In the hands of one skilled in necromantic magic, it inflicts extra damage on
   living creatures.
   Int:       It affects your intelligence (-3).
   rN:        It protects you from negative energy.
   SInv:      It lets you see invisible.
   rCorr:     It protects you from acid and corrosion.
 C - a +2 hand axe of venom
 H - a +1 broad axe of freezing
 N - a +1 war axe of holy wrath
Missiles
 r - 2 throwing nets
 z - 20 poisoned darts (quivered)
Armour
 c - a +0 buckler (worn)
 d - a +0 cloak (worn)
 j - the +2 pair of boots of the Hippo (worn) {rElec Int+4}
   (You found it on level 2 of the Dungeon)

   Int:       It affects your intelligence (+4).
   rElec:     It insulates you from electricity.
 y - a +2 helmet (worn)
 E - a +0 pair of gloves (worn)
 M - the +6 chain mail of Words of Power (worn) {rC+}
   (You found it on level 9 of the Dungeon)

   rC:        It protects you from cold.
Jewellery
 h - a +6 ring of intelligence (left hand)
 o - a ring of protection from cold
 K - a ring of ice
 R - a +6 ring of dexterity (right hand)
Wands
 f - a wand of roots (10)
 B - a wand of quicksilver (1)
 F - a wand of charming (8)
 J - a wand of flame (9)
 O - a wand of mindburst (12)
Scrolls
 b - 4 scrolls of identify
 n - 2 scrolls of amnesia
 u - 4 scrolls of vulnerability
 G - 2 scrolls of summoning
 I - 2 scrolls of fog
 L - 4 scrolls of teleportation
Potions
 e - 3 potions of curing
 g - 4 potions of flight
 i - a potion of lignification
 k - 6 potions of mutation
 l - a potion of ambrosia
 m - 2 potions of berserk rage
 q - 3 potions of haste
 s - a potion of invisibility
 t - 18 potions of degeneration
 x - 6 potions of cancellation
 A - a potion of attraction
 D - a potion of magic
 P - 2 potions of might
Miscellaneous
 Q - a condenser vane


   Skills:
 + Level 13.3 Fighting
 + Level 14.1 Axes
 + Level 12.3 Armour
 + Level 12.3 Shields
 + Level 6.7 Necromancy


You had 12 spell levels left.
You didn't know any spells.
Your spell library contained the following spells:

 Spells                   Type           Power      Damage    Failure   Level
 Necrotise                Necr           80%        1d8       10%         1
 Apportation              Tloc           0%         N/A       83%         1
 Freeze                   Ice            0%         1d3       83%         1
 Sandblast                Erth           0%         2d4       83%         1
 Summon Small Mammal      Summ           0%         N/A       83%         1
 Passwall                 Tmut/Erth      0%         N/A       93%         2
 Scorch                   Fire           0%         2d5       93%         2
 Agony                    Necr           20%        N/A       95%         5
 Call Canine Familiar     Summ           0%         N/A       99%         3
 Dazzling Flash           Conj/Hex       0%         N/A       99%         3
 Frozen Ramparts          Ice            0%         1d1       99%         3
 Hailstorm                Conj/Ice       0%         3d3       99%         3
 Stone Arrow              Conj/Erth      0%         3d7       99%         3
 Summon Guardian Golem    Hex/Summ       0%         N/A       99%         3
 Tukima's Dance           Hex            0%         N/A       99%         3
 Flame Wave               Conj/Fire      0%         2d4       100%        4
 Passage of Golubria      Tloc           0%         N/A       100%        4
 Freezing Cloud           Conj/Ice/Air   0%         6-21      100%        5
 Silence                  Hex/Air        0%         N/A       100%        5
 Yara's Violent Unravell  Hex/Tmut       0%         3d3       100%        5
 Summon Cactus Giant      Summ           0%         N/A       100%        6
 Polar Vortex             Ice            0%         N/A       100%        9
 Simulacrum               Ice/Necr       Unusable   N/A       N/A         6

Dungeon Overview and Level Annotations

Branches:
Dungeon (12/15)            Temple (1/1) D:6            Lair (0/5) D:9
    Orc (2/2) D:12            Elf (0/3) Orc:2         Sewer (visited)
 Bailey (visited)

Altars:
Ashenzari
Cheibriados
Dithmenos
Elyvilon
Fedhas
Gozag
Hepliaklqana
Kikubaaqudgha
Makhleb
Nemelex Xobeh
Okawaru
Qazlal
Ru
Sif Muna
Trog
Uskayaw
Vehumet
Wu Jian
Xom
Yredelemnul
Zin
The Shining One

Shops:
D:3 (   D:5 (   D:10 *   Orc:1 [

Annotations:
Orc:1 3 runed translucent doors, Pooter's ghost, journeyman MiMo; SirDiesAlot's ghost, novice DgHu; p00ps00p's ghost, journeyman HOFi
Orc:2 2 transporters, leviel's ghost, journeyman HOFi


Message History

The orc priest shouts!
The orc priest shouts, "Join the one true god or die!"
Found a yak skeleton and a rat skeleton.
The orc high priest shouts!
The orc high priest threatens, "By the altar or by the axe, you will meet Beogh!"
The ice devil is engulfed in a cloud of scalding steam.
The orc priest is engulfed in a cloud of scalding steam.
The orc priest dies!
You hit the ice devil but do no damage.
The ice devil is moderately wounded.
You hit the sun demon but do no damage. The ice devil hits you.
The ice devil freezes you. You resist.
Unknown command.
You hit the ice devil but do no damage.
The ice devil is moderately wounded.
You hit the sun demon.
The sun demon hits you but does no damage.
The ice devil hits you. The ice devil freezes you. You resist.
Unknown command.
As you read the scroll of teleportation, it crumbles to dust.
You feel strangely unstable.
The orc high priest invokes the aid of Beogh against you.
Beogh smites you!
* * * LOW HITPOINT WARNING * * *
You block the sun demon's attack. The ice devil hits you!
* * * LOW HITPOINT WARNING * * *
The ice devil freezes you! You resist.
* * * LOW HITPOINT WARNING * * *
You feel better. You block the sun demon's attack.
The orc priest barely misses you.
The red devil hits you but does no damage.
The ice devil barely misses you.
You feel better. The sun demon hits you!
* * * LOW HITPOINT WARNING * * *
You are engulfed in flames!
* * * LOW HITPOINT WARNING * * *
You block the orc priest's attack.
The red devil hits you from afar with a +0 demon trident.
You die...
Your body crumbles into a pile of gold.

##### ###...##
##.3.$..##
#.@4o$...##
#..3oo##.)..# ####
#o4..####)).###..##
#....4. #..).#....#
#÷....÷÷ ##..).#..#
#........
#..).)..##
#....☼..÷
#..)..[..##
#.....÷..#
#..)......#
#.........##


You could see 2 orc high priests, a sun demon (summoned), an ice devil
(summoned), a smoke demon (summoned), 2 red devils, an orc priest (strong) and
an orc wizard.

Vanquished Creatures
  Snorg (D:11)
  Josephine (Orc:2)
  2 vault guards (Bailey)
  3 two-headed ogres
  3 death yaks (D:9)
  2 orc high priests
  5 orc knights
  A deep elf pyromancer (D:12)
  4 orc sorcerers
  2 ugly things (D:12)
  A cyclops (Orc:2)
  2 manticores
  2 gargoyles (D:12)
  A hornet (D:11)
  3 trolls
  Grinder (D:6)
  Prince Ribbit (Bailey)
  Sigmund (D:4)
  3 shadows (D:12)
  29 yaks
  4 wraiths
  3 vampire mosquitoes (D:9)
  3 humans (Bailey)
  A steam dragon (D:8)
  2 wargs
  An acid dragon (D:9)
  A water moccasin (D:8)
  Duvessa (D:4)
  A sky beast (D:7)
  An ice beast (D:6)
  5 ogres
  22 orc warriors
  4 centaurs
  A kobold brigand (D:10)
  2 phantoms (D:12)
  17 bullfrogs
  Blork the orc (D:4)
  A scorpion (D:4)
  A gnoll sergeant (D:9)
  A necrophage (D:6)
  7 wights
  Dowan (D:4)
  10 killer bees
  A troll zombie (D:12)
  8 howler monkeys
  A jelly (D:6)
  A gnoll bouda (D:10)
  16 orc priests
  Crazy Yiuf (D:2)
  Jessica (D:2)
  25 orc wizards
  5 ogre zombies (D:12)
  12 gnolls
  8 adders
  4 river rats
  An ufetubus (D:4)
  2 dart slugs (D:5)
  74 orcs
  12 endoplasms
  2 giant cockroaches
  3 hobgoblins
  4 quokkas
  13 ball pythons
  2 bats
  7 frilled lizards
  6 goblins
  2 goblin skeletons (D:12)
  2 goblin zombies (D:12)
  4 hobgoblin zombies (D:12)
  23 kobolds
  3 orc skeletons (D:12)
  5 orc zombies (D:12)
  25 rats
432 creatures vanquished.

Vanquished Creatures (collateral kills)
  A bullfrog (D:8)
1 creature vanquished.

Vanquished Creatures (others)
  An orc priest (Orc:2)
  An orc wizard (D:11)
  An orc (Orc:1)
  A hobgoblin zombie (D:12)
  2 orc zombies (D:12)
  5 fungi (D:2)
  2 withered plants (Orc:1)
13 creatures vanquished.

Grand Total: 446 creatures vanquished

Notes
Turn   | Place    | Note
-------+----------+-------------------------------------------
     0 | D:1      | p00ps00p the Hill Orc Fighter began the quest for the Orb.
     0 | D:1      | Reached XP level 1. HP: 19/19 MP: 1/1
   261 | D:1      | Reached XP level 2. HP: 27/27 MP: 2/2
   268 | D:1      | Reached skill level 3 in Axes
   914 | D:1      | Reached XP level 3. HP: 29/33 MP: 3/3
  1100 | D:2      | Identified the +2 pair of boots of the Hippo {rElec Int+4}
  1332 | D:2      | Noticed Jessica
  1335 | D:2      | Killed Jessica
  1336 | D:2      | Reached XP level 4. HP: 40/40 MP: 4/4
  1933 | D:2      | Found a runed translucent door.
  1934 | D:2      | Noticed Crazy Yiuf
  1943 | D:2      | Killed Crazy Yiuf
  2192 | D:3      | Found a shimmering altar of Xom.
  2414 | D:3      | Reached skill level 4 in Axes
  2481 | D:3      | Reached XP level 5. HP: 47/47 MP: 5/5
  2553 | D:3      | Found Guino's Antique Weapon Boutique.
  3022 | D:4      | Noticed Sigmund
  3032 | D:3      | Reached skill level 5 in Fighting
  3032 | D:3      | Reached XP level 6. HP: 44/56 MP: 6/6
  3104 | D:4      | Killed Sigmund
  3105 | D:4      | Reached skill level 5 in Axes
  3105 | D:4      | Reached skill level 5 in Armour
  3105 | D:4      | Reached skill level 5 in Shields
  3340 | D:4      | Reached XP level 7. HP: 61/61 MP: 7/7
  3651 | D:4      | Noticed Duvessa
  3652 | D:4      | Noticed Dowan
  3654 | D:4      | Killed Dowan
  3665 | D:4      | Killed Duvessa
  3921 | D:4      | Identified the +8 flail of Qomiwk {vorpal, MP+9}
  3954 | D:4      | Found a hazy altar of Hepliaklqana.
  4016 | D:4      | Found an iron altar of Okawaru.
  4032 | D:4      | Reached skill level 6 in Axes
  4343 | D:4      | Noticed Blork the orc
  4348 | D:4      | Killed Blork the orc
  4380 | D:4      | Reached XP level 8. HP: 67/71 MP: 8/8
  4417 | D:5      | Entered Level 5 of the Dungeon
  4700 | D:5      | Found an ancient bone altar of Kikubaaqudgha.
  4973 | D:5      | Found Vorhomerr's Antique Weapon Shop.
  4976 | D:5      | Bought a faintly glowing war axe for 187 gold pieces
  4976 | D:5      | Identified the +2 war axe of Doom {pain, rN+ rCorr Int-3
                  | SInv} (You bought it in a shop on level 5 of the Dungeon)
  5116 | D:6      | Found a glowing drain.
  5134 | Sewer    | Entered a sewer
  5872 | D:6      | Reached skill level 7 in Axes
  6368 | D:6      | Reached XP level 9. HP: 72/79 MP: 9/9
  6578 | D:6      | Found a staircase to the Ecumenical Temple.
  6635 | D:6      | Noticed Grinder
  6645 | D:6      | Killed Grinder
  6646 | D:6      | Reached skill level 8 in Axes
  8061 | D:8      | Reached skill level 9 in Axes
  8087 | D:8      | Reached XP level 10. HP: 13/91 MP: 10/10
  8656 | D:8      | Reached skill level 10 in Axes
  9363 | Temple   | Entered the Ecumenical Temple
  9371 | Temple   | Became a worshipper of Gozag Ym Sagoz the Greedy
  9505 | D:9      | Found a flagged portal.
  9523 | Bailey   | Entered a bailey
  9580 | Bailey   | Reached skill level 10 in Fighting
  9619 | Bailey   | Noticed a vault guard
  9619 | Bailey   | Noticed Prince Ribbit
  9630 | Bailey   | Killed Prince Ribbit
  9639 | Bailey   | Killed a vault guard
  9794 | Bailey   | Noticed a vault guard
  9830 | Bailey   | Killed a vault guard
  9831 | Bailey   | Reached skill level 11 in Axes
  9831 | Bailey   | Reached XP level 11. HP: 9/101 MP: 11/11
 10752 | D:9      | Reached skill level 10 in Shields
 10809 | D:9      | Noticed a two-headed ogre
 10821 | D:9      | Killed a two-headed ogre
 10822 | D:9      | Reached skill level 10 in Armour
 10822 | D:9      | Reached skill level 1 in Necromancy
 10948 | D:9      | Noticed a death yak
 10963 | D:9      | Noticed a death yak
 10964 | D:9      | Noticed a death yak
 10981 | D:9      | Killed a death yak
 11004 | D:9      | Killed a death yak
 11380 | D:9      | Killed a death yak
 11531 | D:9      | Found a staircase to the Lair.
 11562 | D:9      | Identified the +6 chain mail of Words of Power {rC+}
 11587 | D:9      | Reached skill level 12 in Axes
 11787 | D:10     | Entered Level 10 of the Dungeon
 12265 | D:10     | Noticed a two-headed ogre
 12273 | D:10     | Killed a two-headed ogre
 12283 | D:10     | Reached XP level 12. HP: 75/111 MP: 12/12
 12542 | D:10     | Found a burning altar of Makhleb.
 12796 | D:10     | Bought a scroll of summoning for 114 gold pieces
 12796 | D:10     | Bought a potion of haste for 120 gold pieces
 12796 | D:10     | Bought a scroll of identify for 24 gold pieces
 12796 | D:10     | Bought a scroll of teleportation for 36 gold pieces
 12804 | D:11     | Noticed Snorg
 12825 | D:11     | Killed Snorg
 13519 | D:12     | Noticed a two-headed ogre
 13540 | D:11     | Killed a two-headed ogre
 14005 | D:12     | HP: 5/112 [troll (3)]
 14449 | D:12     | Reached skill level 13 in Axes
 15030 | D:12     | Reached skill level 5 in Necromancy
 15164 | D:12     | Found a staircase to the Orcish Mines.
 15576 | Orc:1    | Entered Level 1 of the Orcish Mines
 15577 | Orc:1    | Noticed an orc high priest
 15754 | D:12     | Killed an orc high priest
 16168 | Orc:1    | Reached XP level 13. HP: 32/119 MP: 13/13
 16174 | Orc:1    | Found Plog's Antique Armour Emporium.
 16607 | Orc:1    | Found a runed translucent gate.
 16607 | Orc:1    | Found a runed translucent gate.
 16607 | Orc:1    | Found a runed translucent gate.
 16608 | Orc:1    | Noticed SirDiesAlot's ghost (novice DgHu)
 16608 | Orc:1    | Noticed p00ps00p's ghost (journeyman HOFi)
 16608 | Orc:1    | Noticed p00ps00p's ghost (journeyman HOFi)
 16608 | Orc:1    | Noticed Pooter's ghost (journeyman MiMo)
 16925 | Orc:2    | Entered Level 2 of the Orcish Mines
 16925 | Orc:2    | Noticed Josephine
 17045 | Orc:2    | Killed Josephine
 17641 | Orc:2    | Found a transporter.
 17648 | Orc:2    | Noticed leviel's ghost (journeyman HOFi)
 17683 | Orc:2    | Found a staircase to the Elven Halls.
 17686 | Orc:2    | Found a transporter.
 18693 | Orc:2    | Reached skill level 14 in Axes
 19189 | Orc:2    | HP: 1/122 [sun demon[an orc high priest] (16)]
 19189 | Orc:2    | Slain by a red devil

Illustrated notes

Levels and vault maps discovered:
D:1:      dpeg_arrival_round_b, layout_basic,
          hangedman_abyss_or_decor_lesser_grid
D:2:      cheibrodos_helix_gallery, layout_rooms, uniq_jessica,
          uniq_crazy_yiuf_cottage
D:3:      layout_loops_ring, mainiacjoe_overflow_concentric_impassable,
          serial_shops, shop
D:4:      layout_basic, mainiacjoe_overflow_six_doors_small,
          hellmonk_okawaru_the_only_friend_you_need, uniq_blork_the_orc,
          uniq_duvessa, uniq_sigmund
D:5:      layout_gridville, lemuel_round_altar, serial_shops, kennysheep_mini,
          chequers_arboretum
D:6:      layout_loops_cross, minmay_temple_entry_proselytizer,
          portal_sewer_entry_b, uniq_grinder
D:7:      layout_loops_ring
D:8:      layout_basic
D:9:      layout_roguey, dpeg_lair_monsters, enter_bailey_7, grunt_ogre_cave
D:10:     layout_basic, overflow_temple_1_default
D:11:     layout_rooms, uniq_snorg
D:12:     layout_rooms, zombieorc1_lemuel, st_stairs_4
Temple:   sentei_temple_godly_chess
Orc:1:    layout_caves, serial_shops, nicolae_lakefront_shop,
          gammafunk_ghost_cemetery, abandoned_shop
Orc:2:    grunt_orc_tribal_feast, layout_caves, gammafunk_ghost_stat_death,
          uniq_josephine

Skill      XL: |  1  2  3  4  5  6  7  8  9 10 11 12 13 |
---------------+----------------------------------------+-----
Axes           | 3 4 5 6 7 9 11 12 13 14 | 14.1
Fighting       | 4 5 6 7 9 10 11 12 13 | 13.3
Shields        | 4 5 7 8 9 10 11 12 | 12.3
Armour         | 4 5 7 8 9 10 11 12 | 12.3
Necromancy     | 3 5 6 |  6.7

Action                   |  1- 3 |  4- 6 |  7- 9 | 10-12 | 13-15 || total
-------------------------+-------+-------+-------+-------+-------++-------
Melee: War axe           |    73 |   124 |   274 |   432 |   188 ||  1091
       Hand axe          |       |       |     5 |   247 |       ||   252
       Broad axe         |       |       |       |    28 |       ||    28
Invok: Call Merchant     |       |       |       |     1 |       ||     1
Evoke: Wand              |       |       |     5 |    13 |     1 ||    19
  Use: Scroll            |       |    11 |     8 |    17 |     3 ||    39
       Potion            |       |     1 |     5 |     2 |     3 ||    11
 Stab: Distracted        |       |       |       |     5 |     2 ||     7
Armor: Scale mail        |    40 |    51 |     1 |       |       ||    92
       Chain mail        |       |       |   210 |   297 |   107 ||   614
       Plate armour      |       |       |       |    79 |       ||    79
Dodge: Dodged            |    40 |    47 |   115 |   198 |    52 ||   452
Block: Buckler           |    18 |    25 |    92 |   176 |    71 ||   382

Table legend: (Time is in decaauts)
 A = Elapsed time spent in this place.
 B = Non-inter-level travel time spent in this place.
 C = Inter-level travel time spent in this place.
 D = Time resting spent in this place.
 E = Time spent auto-exploring this place.
 F = Levels seen in this place.
 G = Mean time per level.
                   A        B        C        D        E       F      G
               +--------+--------+--------+--------+--------+-----+--------+
         Total |  19198 |  18355 |    843 |   5302 |   9348 |  17 | 1129.3 |
       Dungeon |  14325 |  13573 |    752 |   3665 |   7416 |  12 | 1193.8 |
        Temple |     14 |      8 |      6 |      0 |      0 |   1 |   14.0 |
  Orcish Mines |   3102 |   3018 |     84 |   1185 |   1003 |   2 | 1551.0 |
         Sewer |    719 |    719 |      0 |      0 |    541 |   1 |  719.0 |
        Bailey |   1036 |   1036 |      0 |    452 |    387 |   1 | 1036.0 |
               +--------+--------+--------+--------+--------+-----+--------+

Top non-repeatable levels by time:
    D:12: 2188 daAuts
     D:8: 1914 daAuts
   Orc:1: 1637 daAuts
   Orc:2: 1464 daAuts
     D:9: 1343 daAuts
     D:4: 1264 daAuts
     D:2: 1116 daAuts
     D:6: 1098 daAuts
     D:1: 1091 daAuts
    D:10: 1072 daAuts
  Bailey: 1036 daAuts
     D:3: 1024 daAuts
    D:11: 939 daAuts
   Sewer: 719 daAuts
     D:5: 647 daAuts
